 Dungeon Crawl Stone Soup version 0.31-a0-200-gbc41564c69 (webtiles) character file.

Game seed: 13641234283236203863

120 qw the Skirmisher (level 4, -4/25 HPs)
             Began as a Deep Elf Hunter on June 25, 2023.
             Slain by Grinder (6 damage)
             ... on level 3 of the Dungeon.
             The game lasted 00:00:43 (2002 turns).

qw the Skirmisher (Deep Elf Hunter)                 Turns: 2002, Time: 00:00:44

Health: -4/25      AC:  6    Str: 10    XL:     4   Next: 75%
Magic:  6/6        EV: 11    Int: 14    God:
Gold:   180        SH:  0    Dex: 18    Spells: 3/3 levels left

rFire   + . .        Y - +0 shortbow
rCold   . . .        (shield currently unavailable)
rNeg    . . .        a - +1 ring mail of Beauty {rElec rF+}
rPois   .            (no helmet)
rElec   +            (no cloak)
rCorr   .            (no gloves)
SInv    .            (no boots)
Will    .....        (no amulet)
Stlth   +            (no ring)
HPRegen 0.24/turn    (no ring)
MPRegen 0.10/turn

%: no passive effects
@: no status effects
A: no striking features
a: no special abilities


You were on level 3 of the Dungeon.
You visited 1 branch of the dungeon, and saw 3 of its levels.

You collected 180 gold pieces.


   Skills:
 - Level 1.5 Fighting
 + Level 8.2 Ranged Weapons
 - Level 2.4 Dodging
 - Level 1.2 Stealth


You had 3 spell levels left.
You didn't know any spells.
Your spell library was empty.

Inventory:

Hand Weapons
 Y - a +0 shortbow (weapon)
Armour
 a - the +1 ring mail of Beauty (worn) {rElec rF+}
   (You acquired it on level 2 of the Dungeon)

   rF:        It protects you from fire.
   rElec:     It insulates you from electricity.
Scrolls
 b - a scroll of poison {unknown}
 c - a scroll of enchant weapon {unknown}
 f - a scroll of enchant armour
Potions
 d - 2 potions of heal wounds {unknown}
 g - a potion of curing
 i - a potion of enlightenment {unknown}
 j - a potion of lignification {unknown}
 k - a potion of haste {unknown}

Dungeon Overview and Level Annotations

Branches:
Dungeon (3/15)

Altars:
Elyvilon

Annotations:
D:3 Grinder


Message History

You shoot an arrow. The arrow hits Grinder!
Grinder is moderately wounded.
You shoot an arrow. The arrow hits Grinder.
Grinder is moderately wounded.
Grinder hits you.
You writhe in agony.
You shoot an arrow. The arrow closely misses Grinder.
Grinder blinks!
You shoot an arrow. The arrow barely misses Grinder.
You shoot an arrow. The arrow hits Grinder.
Grinder is heavily wounded.
Grinder hits you but does no damage.
You shoot an arrow. The arrow hits Grinder!
Grinder is heavily wounded.
Grinder gestures at you. You resist with significant effort.
You shoot an arrow.
The arrow hits Grinder but does no damage.
Grinder is heavily wounded.
Grinder gestures at you. You resist with significant effort.
You shoot an arrow. The arrow hits Grinder.
Grinder is severely wounded.
Grinder blinks!
You shoot an arrow. The arrow hits Grinder.
Grinder is severely wounded.
You shoot an arrow. The arrow closely misses Grinder.
You shoot an arrow. The arrow closely misses Grinder.
Grinder gestures at you. Pain shoots through your body!
Ouch! That really hurt!
You shoot an arrow.
The arrow hits Grinder but does no damage.
Grinder is severely wounded.
You shoot an arrow. The arrow barely misses Grinder.
You shoot an arrow. The arrow barely misses Grinder.
Grinder gestures at you. Pain shoots through your body!
You shoot an arrow. The arrow completely misses Grinder.
Grinder barely misses you. Grinder hits you!
You writhe in agony.
You die...

............
####........ ....#
...........) ...# #
...#.#...... ...#.# ##
...#.#...... ..#. ...
...#.#...... ... ...
####.#.###.### #.# .. #
#.#.###.#.###.#.##### #
#...........5@......?
####.#####.#.#####...###
..# #.....#.##### ..#
#.# #.....#.#...# .# ..#
#.....#.#...# #
..##.#...........#
.....#....##.#...#
#...##....##.###.#
...........#.# #.#


You could see Grinder (resistant).

Vanquished Creatures
  A jelly (D:3)
  Jessica (D:3)
  2 adders
  2 dart slugs (D:1)
  5 endoplasms
  5 goblins
  4 hobgoblins
  4 jackals (D:1)
  2 quokkas
  A ball python (D:3)
  4 bats
  3 frilled lizards
  A kobold (D:1)
  9 rats
44 creatures vanquished.

Notes
Turn   | Place    | Note
-------+----------+-------------------------------------------
     0 | D:1      | qw the Deep Elf Hunter began the quest for the Orb.
     0 | D:1      | Reached XP level 1. HP: 12/12 MP: 3/3
     0 | D:1      | 0 ||| qw: Version: 0.3-a-22-g0ed2b0b
     0 | D:1      | 0 ||| qw: Game counter: 5674
     0 | D:1      | 0 ||| qw: Melee chars always use a shield: true
     0 | D:1      | 0 ||| qw: God list: Okawaru
     0 | D:1      | 0 ||| qw: Allow faded altars: false
     0 | D:1      | 0 ||| qw: Do Orc after clearing Dungeon:15 true
     0 | D:1      | 0 ||| qw: Do second Lair branch before Depths: true
     0 | D:1      | 0 ||| qw: Lair rune preference: random
     0 | D:1      | 0 ||| qw: Goals: Normal
     0 | D:1      | 0 ||| PLANNING D:1-11
    35 | D:1      | HP: 3/12 [jackal (3)]
   284 | D:1      | Reached skill level 6 in Ranged Weapons
   284 | D:1      | Reached XP level 2. HP: 16/16 MP: 4/4
   827 | D:1      | Reached XP level 3. HP: 20/20 MP: 5/5
   894 | D:1      | 894 ||| READING 2 scrolls labelled ASTAJIOHON.
   895 | D:1      | 895 ||| READING scroll labelled BITYF LIORCH.
   896 | D:1      | 896 ||| READING 3 scrolls labelled PIEKHLO SAPHAWKOSK.
   897 | D:1      | 897 ||| DRINKING 2 brown potions.
   898 | D:1      | 898 ||| DRINKING 2 sedimented coppery potions.
   899 | D:1      | 899 ||| DROPPING scroll of immolation.
   900 | D:1      | 900 ||| DROPPING scroll of butterflies.
   901 | D:1      | 901 ||| DROPPING potion of magic.
   902 | D:1      | 902 ||| DROPPING 2 scrolls of vulnerability.
   979 | D:2      | Identified the +6 mace of the Shoals {heavy, Int+4}
  1262 | D:2      | Reached skill level 7 in Ranged Weapons
  1513 | D:2      | 1513 ||| UPGRADING to +0 scale mail.
  1523 | D:2      | 1523 ||| DROPPING +0 leather armour.
  1524 | D:2      | 1524 ||| READING scroll labelled XOOQUHEEBBEE.
  1529 | D:2      | 1529 ||| READING scroll labelled YNTAUPL SEFIVA.
  1529 | D:2      | Identified a scroll of acquirement
  1529 | D:2      | 1529 ||| ACQUIRING +1 ring mail of Beauty {rElec rF+}
  1529 | D:2      | Acquired the +1 ring mail of Beauty {rElec rF+}
  1531 | D:2      | 1531 ||| UPGRADING to +1 ring mail of Beauty {rElec rF+}.
  1541 | D:2      | 1541 ||| DROPPING +0 scale mail.
  1542 | D:2      | 1542 ||| READING 2 scrolls labelled NUGIPPI MACO.
  1543 | D:2      | 1543 ||| READING scroll labelled KYESYS YGHUI.
  1544 | D:2      | 1544 ||| DRINKING 2 pink potions.
  1545 | D:2      | 1545 ||| DROPPING scroll of blinking.
  1546 | D:2      | 1546 ||| DROPPING potion of brilliance.
  1618 | D:3      | Found a white marble altar of Elyvilon.
  1917 | D:3      | Noticed Jessica
  1922 | D:3      | Killed Jessica
  1923 | D:3      | Reached XP level 4. HP: 24/25 MP: 6/6
  1980 | D:3      | Noticed Grinder
  1987 | D:3      | Reached skill level 8 in Ranged Weapons
  2002 | D:3      | HP: 2/25 [Grinder (7)]
  2002 | D:3      | Slain by Grinder

Levels and vault maps discovered:
D:1:      dpeg_arrival_arbitrary_b, layout_basic
D:2:      layout_basic
D:3:      layout_basic, nicolae_overflow_crystal_walls, uniq_jessica,
          uniq_grinder, uniq_terence, uniq_natasha

Skill      XL: |  1  2  3  4 |
---------------+-------------+-----
Ranged Weapons | 6 7 8 |  8.2
Fighting       | |  1.5
Dodging        | |  2.4
Stealth        | |  1.2

Action                     |  1- 3 |  4- 6 || total
---------------------------+-------+-------++-------
   Fire: Shortbow          |   129 |    30 ||   159
    Use: Scroll            |     7 |       ||     7
         Potion            |     3 |       ||     3
 Armour: Leather armour    |    14 |       ||    14
         Ring mail         |     6 |     3 ||     9
  Dodge: Dodged            |    41 |     2 ||    43

Table legend:
 A = Non-vault XP
 B = Vault XP
 C = Vault XP percentage of total XP
 D = Non-vault monster count
 E = Vault monster count
 F = Vault count percentage of total count
                 A         B        C        D         E       F
            +---------+---------+-------+---------+---------+-------
      Total |     135 |      37 |  21.5 |      43 |       1 |   2.3
            +---------+---------+-------+---------+---------+-------
        D:1 |      45 |       0 |   0.0 |      26 |       0 |   0.0
        D:2 |      21 |       0 |   0.0 |       6 |       0 |   0.0
        D:3 |      69 |      37 |  34.9 |      11 |       1 |   8.3
            +---------+---------+-------+---------+---------+-------
